Description

A basic timing build that also allows you set up for macro behind the attack

Pvz Arhcon immortal timing w/ macro option

14 0:17 Pylon

16 0:36 Gateway

17 0:47 Assimilator

20 1:23 Nexus

20 1:32 Cybernetics Core

21 1:43 Assimilator

22 1:51 Pylon

25 2:11 Adept chronoboost

26 2:18 Stargate

27 2:25 Warp gate

29 2:29 Adept

36 2:55 Adept

39 3:03 Phoenix

40 3:07 Pylon

45 3:21 Oracle

47 3:32 Gateway

47 3:35 Assimilator x2

47 3:41 Pylon

49 3:54 Robotics Facility

49 4:09 Twilight Citadel

49 4:09 Gateway

51 4:24 Gateway

51 4:32 Gateway x2

52 4:36 Zealot x2

56 4:40 Warp Prism

58 4:46 Templar Archive

58 4:47 Cut probes

58 4:48 Charge

58 5:00 Pylon x2

58 5:02 Zealot x2

62 5:08 Pylon

62 5:26 Zealot x2

66 5:34 High Templar x4

74 5:44 Nexus

74 5:47 Pylon x2

77 5:54 Zealot x2

77 6:00 resume probes

79 6:00 pylon x2

79 6:02 Zealot x3

79 6:05 Attack

81 6:17 Zealot x3

79 6:24 Zealot x3

78 6:39 Zealot x3

72 6:47 Templar x2 and Zealot

81 7:04 Templar x2 and Zealot

VOD

https://www.youtube.com/watch?v=Z2RVCYTK_bo&t=15s

Build Order

Get SALT Encoding   

Spawning Tool Build Advisor. Get it on Overwolf

Analysis

Baiting out the enemy to skip Roach tech with stargate unit harass until you can break through the front with Chargelot Archon Warp prism.

Go to:

Details

  • Created by: Sp33dzer0  
  • Published on: Sep 20, 2018
  • Modified on: Sep 20, 2018
  • Patch: 4.0.0
Show
View Real Time Build Order
Export as new Build Order

Comments (1)

On Oct. 27, 2018, 2:54 a.m., VanCaspel  said:

It's not working in Overwolf, because the description is included as part of the build order.

Create an account to comment!